 Dungeon Crawl Stone Soup version 0.20.1-1-g8b1a95d (webtiles) character file.

257 Monsterracer the Skirmisher (level 6, -1/48 HPs)
             Began as a Human Fighter on Oct 18, 2017.
             Was a Believer of Elyvilon.
             Killed from afar by Blork the orc (8 damage)
             ... with a magic dart
             ... on level 4 of the Dungeon.
             The game lasted 00:04:18 (3379 turns).

Monsterracer the Skirmisher (Human Fighter)         Turns: 3379, Time: 00:04:18

Health: -1/48      AC:  8    Str: 19    XL:     6   Next: 39%
Magic:  6/6        EV:  8    Int:  8    God:    Elyvilon [**....]
Gold:   85         SH:  9    Dex: 12    Spells: 5/5 levels left

rFire    . . .     SeeInvis .   a - +0 flail
rCold    . . .     Gourm    .   c - +0 shield
rNeg     . . .     Faith    .   g - +1 scale mail {MR+}
rPois    .         Spirit   .   (no helmet)
rElec    .         Reflect  .   (no cloak)
rCorr    .         Harm     .   (no gloves)
MR       +....                  (no boots)
Stlth    ..........             (no amulet)
Regen    0.2/turn               (no ring)
MPRegen  0.1/turn               (no ring)

@: no status effects
A: no striking features
a: Lesser Healing, Heal Other, Divine Protection, Renounce Religion


You were on level 4 of the Dungeon.
You worshipped Elyvilon.
Elyvilon was pleased with you.
You were hungry.

You visited 1 branch of the dungeon, and saw 4 of its levels.

You collected 85 gold pieces.

Inventory:

Hand Weapons
 a - a +0 flail (weapon)
Armour
 c - a +0 shield (worn)
 g - a +1 scale mail of magic resistance (worn)
Scrolls
 e - 2 scrolls of identify
Potions
 b - 2 potions of flight
 d - a potion of might
 m - a potion of mutation
 n - a potion of curing
Comestibles
 f - 5 bread rations
 k - 6 fruits


   Skills:
 + Level 3.9 Fighting
 * Level 3.9 Maces & Flails
 + Level 3.8 Armour
 + Level 2.0 Dodging
 + Level 3.9 Shields


You had 5 spell levels left.
You didn't know any spells.

Dungeon Overview and Level Annotations

Branches:
Dungeon (4/15)
 Temple: D:4-7

Altars:
Dithmenos
Elyvilon
Hepliaklqana
Nemelex Xobeh
Okawaru

Annotations:
D:4 Blork the orc


Message History

An orc comes into view. It is wielding a whip.
You miss the hound.
The orc shouts!
You block the hound's attack. x2
You sock the hound!
The hound is severely wounded.
The hound bites you but does no damage. You block the hound's attack.
You sock the hound!
You kill the hound!
The orc hits you but does no damage.
An orc and Blork the orc come into view.
Blork the orc is wielding a flail of crushing.
The orc shouts!
You hit the orc but do no damage. The orc hits you with a falchion.
Damage: -2%(-1hp) hp: 98%(47hp)
The orc barely misses you.
You hit the orc but do no damage. The orc hits you but does no damage.
You hit the orc.
The orc is almost dead.
You block the orc's attack.
Blork the orc screams, "I'll eat your brain!
And then I'll vomit it back up!"
Blork the orc casts a spell.
Blork the orc seems to speed up.
You hit the orc.
You kill the orc!
Your Dodging skill increases to level 2!
Blork the orc hits you with a flail of crushing.
Damage: -6%(-3hp) hp: 94%(45hp) Blork the orc hits you but does no damage.
You hit Blork the orc.
Blork the orc is lightly wounded.
Blork the orc hits you with a flail of crushing.
Damage: -14%(-7hp) hp: 82%(39hp)
You closely miss Blork the orc.
Blork the orc is lightly wounded.
You block Blork the orc's attack.
Blork the orc casts a cantrip, but nothing happens.
You sock Blork the orc!
Blork the orc is moderately wounded.
You block Blork the orc's attack.
Blork the orc hits you with a flail of crushing.
Damage: -9%(-4hp) hp: 73%(35hp)
You hit Blork the orc.
Blork the orc is heavily wounded.
Blork the orc suddenly complains.
Blork the orc hits you with a flail of crushing.
Damage: -14%(-7hp) hp: 59%(28hp)
You closely miss Blork the orc.
Blork the orc is heavily wounded.
Blork the orc closely misses you. You block Blork the orc's attack.
Your shield and scale mail prevent you from hitting Blork the orc.
Blork the orc is heavily wounded.
Blork the orc gestures at you while chanting.
The puff of flame hits you!
* * * LOW HITPOINT WARNING * * *
Blork the orc barely misses you.
Huge Dmg: -23%(-11hp) hp: 38%(18hp)
You sock Blork the orc!
Blork the orc is severely wounded.
Blork the orc casts a spell at you. The magic dart hits you!
* * * LOW HITPOINT WARNING * * *
You block Blork the orc's attack.
Huge Dmg: -10%(-5hp) hp: 28%(13hp)
You hit Blork the orc.
Blork the orc is severely wounded.
You are feeling hungry.
Blork the orc hits you with a flail of crushing.
* * * LOW HITPOINT WARNING * * *
* * * LOW HITPOINT WARNING * * *
Huge Dmg: -17%(-8hp) hp: 11%(5hp)
You are confused.
You feel invigorated.
Blork the orc hits you but does no damage. x2
Unknown command.
Blork the orc gestures at you while chanting.
The puff of frost hits you!
* * * LOW HITPOINT WARNING * * *
Unknown command.
You bump into the rock wall.
Blork the orc points at you and mumbles some strange words.
The puff of flame hits you!
* * * LOW HITPOINT WARNING * * *
Huge Dmg: -12%(-6hp) hp: 7%(3hp) You're too confused to move!
You feel less invigorated.
You feel less confused. Blork the orc barely misses you. x2
You hit Blork the orc but do no damage.
Blork the orc is severely wounded.
Blork the orc points at you and mumbles some strange words.
You block the puff of frost. Blork the orc casts a spell at you.
The puff of flame hits you!
* * * LOW HITPOINT WARNING * * *
Huge Dmg: -12%(-6hp) hp: 5%(2hp) Unknown command.
You feel better.
Blork the orc points at you and mumbles some strange words.
The magic dart hits you!
You die...

#.. ##.. .o.
.o# .### #o#
.....##.#
.......o#####.#
.......ooo@...#
...#.#.o#######
#..# ....#
.<.... ...#####
.#. #


You could see Blork the orc and 4 orcs.

Vanquished Creatures
  A hound (D:4)
  3 orc wizards (D:3)
  5 adders
  3 dart slugs
  13 orcs
  7 goblins
  11 hobgoblins
  7 jackals
  14 kobolds
  A quokka (D:3)
  2 bats (D:1)
  5 frilled lizards
  8 rats
80 creatures vanquished.

Vanquished Creatures (others)
  A hobgoblin (D:1)
1 creature vanquished.

Grand Total: 81 creatures vanquished

Notes
Turn   | Place    | Note
-------+----------+-------------------------------------------
     0 | D:1      | Monsterracer the Human Fighter began the quest for the Orb.
     0 | D:1      | Reached XP level 1. HP: 18/18 MP: 1/1
   121 | D:1      | Reached XP level 2. HP: 19/24 MP: 2/2
   430 | D:1      | Reached XP level 3. HP: 20/29 MP: 3/3
  1128 | D:2      | Found a faded altar of an unknown god.
  1135 | D:2      | Became a worshipper of Elyvilon the Healer
  1135 | D:2      | Reached * piety under Elyvilon
  1305 | D:2      | Reached skill level 1 in Dodging
  1308 | D:2      | HP: 12/29 [hobgoblin (3)]
  1506 | D:2      | Found a sparkling altar of Nemelex Xobeh.
  1634 | D:2      | Found an iron altar of Okawaru.
  1634 | D:2      | Found a shadowy altar of Dithmenos.
  1647 | D:2      | Reached XP level 4. HP: 35/35 MP: 4/4
  1858 | D:2      | Found a hazy altar of Hepliaklqana.
  2500 | D:3      | Reached ** piety under Elyvilon
  2582 | D:3      | Reached XP level 5. HP: 41/41 MP: 5/5
  2715 | D:3      | HP: 20/41 [orc/short sword (1)]
  3145 | D:3      | Reached XP level 6. HP: 47/48 MP: 6/6
  3357 | D:4      | Noticed Blork the orc
  3371 | D:4      | HP: 18/48 [Blork the orc/puff of flame (11)]
  3373 | D:4      | HP: 7/48 [Blork the orc/flail of crushing (6)]
  3376 | D:4      | HP: 3/48 [Blork the orc/puff of flame (9)]
  3379 | D:4      | Killed from afar by Blork the orc

Skill      XL: |  1  2  3  4  5  6 |
---------------+-------------------+-----
Dodging        | 1 2 |  2.0
Maces & Flails | 3 |  3.9
Fighting       | |  3.9
Armour         | |  3.8
Shields        | |  3.9

Action                   |  1- 3 |  4- 6 || total
-------------------------+-------+-------++-------
Melee: Flail             |   110 |   204 ||   314
  Use: Scroll            |     3 |     7 ||    10
       Potion            |       |     2 ||     2
  Eat: Chunk             |     2 |     6 ||     8
Armor: Scale mail        |    48 |    47 ||    95
       Chain mail        |    10 |    94 ||   104
Dodge: Dodged            |    24 |    31 ||    55
Block: Shield            |    50 |    99 ||   149

Vault maps used:
D:1:      dpeg_arrival_shelter, lemuel_old_faithful
D:2:      old_standard_altar, nicolae_overflow_crystal_walls,
          gammafunk_temple_overflow_elements, first_bread,
          chequers_ecumenical_altar_twisty
D:4:      grunt_gozag_breadcrumbs, chequers_temple_overflow_statue_of_worship,
          serial_shops, shop, uniq_blork_the_orc, uniq_purgy
